 Dungeon Crawl Stone Soup version 0.23.2 (webtiles) character file.

Game seed: 14379477824224966268

259659 HuneSparrow the Hoplite (level 19, -4/174 (180) HPs)
             Began as a Minotaur Fighter on Apr 3, 2019.
             Was the Champion of Makhleb.
             Slain by a naga mage
             ... wielding a +0 halberd
              (9 damage)
             ... on level 4 of the Snake Pit.
             The game lasted 04:30:22 (33425 turns).

HuneSparrow the Hoplite (Minotaur Fighter)         Turns: 33425, Time: 04:30:23

HP:   -4/174 (180)  AC: 25    Str: 32    XL:     19   Next: 86%
MP:   0/29          EV:  9    Int:  5    God:    Makhleb [******]
Gold: 3384          SH: 27    Dex: 14    Spells: 18/18 levels left

rFire    + + .     SeeInvis .   W - +4 scimitar (slice)
rCold    . . .     Gourm    .   c - +9 shield of the Equinox {rF+ Slay+3}
rNeg     + + +     Faith    .   n - +2 plate armour {rPois}
rPois    +         Spirit   +   O - +2 hat of the Bear Spirit {Spirit, +Rage rN+ MR++}
rElec    .         Reflect  .   U - scarf {repulsion}
rCorr    .         Harm     .   b - +0 pair of gloves "Leusuz" {+Fly Regen+ Str+4}
MR       ++++.     Clarity  +   m - +0 pair of boots
Stlth    ..........             j - amulet of the acrobat
HPRegen  0.79/turn              P - ring of Zamur {rN+ MR+}
MPRegen  0.21/turn              T - ring of Equilibrium {rF+ rN+ Dex+3}

@: lethally poisoned (-4 -> -4), constricted, repel missiles
A: retaliatory headbutt, horns 2, blurry vision 1, clarity, high mp 1
a: Minor Destruction, Lesser Servant of Makhleb, Major Destruction, Greater
Servant of Makhleb, Renounce Religion, Evoke Berserk Rage, Evoke Flight


You were on level 4 of the Snake Pit.
You worshipped Makhleb.
Makhleb was exalted by your worship.
You were not hungry.

You visited 6 branches of the dungeon, and saw 31 of its levels.
You also visited: Gauntlet, Ice Cave and Wizlab.

You collected 3720 gold pieces.
You spent 336 gold pieces at shops.

Inventory:

Hand Weapons
 a - a +2 scimitar of flaming
 W - a +4 scimitar of slicing (weapon)
Armour
 b - the +0 pair of gloves "Leusuz" (worn) {+Fly Regen+ Str+4}
   (You found it on level 2 of the Orcish Mines)

   It affects your strength (+4).
   It lets you fly.
   It increases your rate of regeneration.
 c - the +9 shield of the Equinox (worn) {rF+ Slay+3}
   (You found it on level 15 of the Dungeon)

   It affects your accuracy and damage with ranged weapons and melee attacks
   (+3).
   It protects you from fire.
 m - a +0 pair of boots (worn)
 n - a +2 plate armour of poison resistance (worn)
 O - the +2 hat of the Bear Spirit (worn) {Spirit, +Rage rN+ MR++}
   (You found it in a Gauntlet)

   It protects you from negative energy.
   It affects your resistance to hostile enchantments.
   It lets you go berserk.
 U - a scarf of repulsion (worn)
Jewellery
 d - an uncursed ring of protection from cold
 h - an uncursed ring of protection from cold
 j - an amulet of the acrobat (around neck)
 s - the ring of Piseojid {Wiz -Tele +Inv rPois Str+6}
   (You found it on level 10 of the Dungeon)

   [ring of wizardry]

   It improves your spell success rate.
   It affects your strength (+6).
   It protects you from poison.
   It lets you turn invisible.
   It prevents most forms of teleportation.
 K - the ring of Simmeige {+Fly rPois MR+ Dex+4}
   (You found it in a wizard's laboratory)

   [ring of flight]

   It affects your dexterity (+4).
   It protects you from poison.
   It affects your resistance to hostile enchantments.
   It lets you fly.
 L - an uncursed ring of resist corrosion
 M - the ring "Ovaebeih" {+Fly rPois rF+ MP+9 Str-2}
   (You took it off a minotaur in a Gauntlet)

   [ring of protection from fire]

   It affects your strength (-2).
   It protects you from fire.
   It protects you from poison.
   It affects your magic capacity (+9).
   It lets you fly.
 P - the ring of Zamur (left hand) {rN+ MR+}
   (You took it off a deep elf annihilator on level 3 of the Elven Halls)

   [ring of protection from magic]

   It protects you from negative energy.
   It affects your resistance to hostile enchantments.
 S - an uncursed ring of see invisible
 T - the ring of Equilibrium (right hand) {rF+ rN+ Dex+3}
   (You found it on level 1 of the Elven Halls)

   [ring of protection from fire]

   It affects your dexterity (+3).
   It protects you from fire.
   It protects you from negative energy.
Wands
 u - a wand of clouds (7)
 v - a wand of digging (3)
 A - a wand of flame (30)
 N - a wand of polymorph (25)
Scrolls
 e - 22 scrolls of teleportation
 i - 5 scrolls of enchant armour
 k - a scroll of silence
 p - 10 scrolls of remove curse
 q - 3 scrolls of identify
 t - 5 scrolls of fear
 x - 6 scrolls of immolation
 y - 3 scrolls of blinking
 D - 2 scrolls of magic mapping
 E - a scroll of acquirement {unknown}
 G - 4 scrolls of random uselessness {unknown}
 H - 2 scrolls of summoning
 Z - 4 scrolls of torment {unknown}
Potions
 g - 5 potions of resistance
 l - 4 potions of lignification
 o - a potion of flight
 w - 13 potions of curing
 z - 4 potions of mutation
 C - a potion of agility
 F - a potion of cancellation
 I - 6 potions of heal wounds
 J - 3 potions of haste
 R - a potion of berserk rage
 V - 2 potions of might
Miscellaneous
 r - a phantom mirror
 B - a fan of gales
 Q - a lightning rod (4/4)
 X - a phial of floods
Comestibles
 f - 63 rations
 Y - 4 chunks of flesh


   Skills:
 + Level 18.3 Fighting
 - Level 17.6 Long Blades
 + Level 16.9 Armour
 + Level 5.8 Dodging
 + Level 22.4 Shields
 * Level 12.0 Invocations
 - Level 0.1 Evocations


You had 18 spell levels left.
You didn't know any spells.
Your spell library contained the following spells:

 Spells                   Type           Power        Failure   Level  Hunger
 Animate Skeleton         Necr           N/A          93%         1    ##.....
 Beastly Appendage        Tmut           #.....       93%         1    ##.....
 Confusing Touch          Hex            #.....       93%         1    ##.....
 Pain                     Necr           #...         93%         1    ##.....
 Sandblast                Erth           #.....       93%         1    ##.....
 Sting                    Conj/Pois      #...         93%         1    ##.....
 Summon Butterflies       Summ           #.......     93%         1    ##.....
 Corpse Rot               Necr           N/A          98%         2    ###....
 Passwall                 Tmut/Erth      #.......     98%         2    ###....
 Poisonous Vapours        Pois/Air       #.....       98%         2    ###....
 Sticks to Snakes         Tmut           #.......     98%         2    ###....
 Swiftness                Chrm/Air       #.......     98%         2    ###....
 Call Canine Familiar     Summ           #.......     100%        3    ####...
 Confuse                  Hex            #.......     100%        3    ####...
 Gell's Gravitas          Tloc           #.........   100%        3    ####...
 Mephitic Cloud           Conj/Pois/Air  #.......     100%        3    ####...
 Regeneration             Chrm/Necr      #.........   100%        3    ####...
 Spider Form              Tmut/Pois      #.........   100%        3    ####...
 Static Discharge         Conj/Air       #.......     100%        3    ####...
 Stone Arrow              Conj/Erth      #.....       100%        3    ####...
 Vampiric Draining        Necr           #.........   100%        3    ####...
 Animate Dead             Necr           N/A          100%        4    #####..
 Ice Form                 Ice/Tmut       #.......     100%        4    #####..
 Leda's Liquefaction      Hex/Erth       #.........   100%        4    #####..
 Olgreb's Toxic Radiance  Pois           #.......     100%        4    #####..
 Petrify                  Tmut/Erth      #.......     100%        4    #####..
 Summon Ice Beast         Ice/Summ       #.......     100%        4    #####..
 Summon Lightning Spire   Summ/Air       #.......     100%        4    #####..
 Throw Icicle             Conj/Ice       #.......     100%        4    #####..
 Blade Hands              Tmut           #.........   100%        5    ######.
 Bolt of Draining         Conj/Necr      #.........   100%        5    ######.
 Bolt of Magma            Conj/Fire/Erth #.........   100%        5    ######.
 Irradiate                Conj/Tmut      #.........   100%        5    ######.
 Lee's Rapid Deconstruct  Erth           #.........   100%        5    ######.
 Lightning Bolt           Conj/Air       #.........   100%        5    ######.
 Metabolic Englaciation   Hex/Ice        #.........   100%        5    ######.
 Summon Mana Viper        Hex/Summ       #.......     100%        5    ######.
 Venom Bolt               Conj/Pois      #.........   100%        5    ######.
 Yara's Violent Unravell  Hex/Tmut       #.........   100%        5    ######.
 Conjure Ball Lightning   Conj/Air       #.........   100%        6    #######
 Hydra Form               Tmut           #.........   100%        6    #######
 Iron Shot                Conj/Erth      #.........   100%        6    #######
 Simulacrum               Ice/Necr       #.........   100%        6    #######
 Statue Form              Tmut/Erth      #........    100%        6    #######
 Dragon Form              Tmut           #.........   100%        7    #######
 Summon Hydra             Summ           #.........   100%        7    #######
 Shatter                  Erth           #.........   100%        9    #######


Dungeon Overview and Level Annotations

Branches:
Dungeon (15/15)            Temple (1/1) D:6            Lair (6/6) D:9
 Shoals (0/4) Lair:2        Snake (4/4) Lair:3        Slime (0/5) Lair:5
    Orc (2/2) D:9             Elf (3/3) Orc:2        Vaults (0/5) D:14
 Depths (0/5) D:15

Altars:
Ashenzari
Cheibriados
Dithmenos
Elyvilon
Fedhas
Gozag
Hepliaklqana
Kikubaaqudgha
Makhleb
Nemelex Xobeh
Okawaru
Qazlal
Ru
Sif Muna
Trog
Uskayaw
Vehumet
Wu Jian
Xom
Yredelemnul
Zin
The Shining One
Jiyva

Shops:
D:4 }}%(   D:5 ?   D:7 =   D:9 (?(?   D:10 [   D:11 :   D:12 %   Orc:2 =[:?*!
Elf:1 (   Elf:2 =}}!   Snake:1 %

Annotations:
D:5 scrolls enchant all, Prince Ribbit
Lair:3 Rupert
Snake:4 Asterion


Innate Abilities, Weirdness & Mutations

You reflexively headbutt those who attack you in melee.
You have a pair of horns on your head.
Scrolls take you a little longer to read.
You possess an exceptional clarity of mind.
You have an increased reservoir of magic. (+10% MP)


Message History

The naga mage shouts!
* * * LOW HITPOINT WARNING * * *
You block the guardian serpent's attack.
You block the naga mage's attack.
The blizzard demon waves its arms in wide circles.
The air twists around and strikes you!
* * * LOW HITPOINT WARNING * * *
You block the naga warrior's attack. Asterion barely misses you.
Asterion gores you but does no damage.
The naga warrior hits you but does no damage.
The naga warrior constricts you.
The nagaraja hits you but does no damage.
The naga sharpshooter shoots a bolt.
You block the bolt.
The naga sharpshooter casts a spell.
The naga sharpshooter magically shoots a bolt.
The bolt hits you!
* * * LOW HITPOINT WARNING * * *
The guardian serpent hits you but does no damage.
The naga mage hits you from afar with a +0 halberd!
You die...

...#........ #.........# .. #.
##....⌠...###N. #.
##..#........N# #.#
#....N.......N# #..#
#....#).NNN#N.# #...
#......NNN....# #...
#......NNSNN..# #...
#.....NSH@)...# ###.
#######...##NNN#### ###### #.
......#......2## ##....# ##
..............)## #.....####
.............)..#####.......#.
..................#...........
...##########.................
.# ###...............
#...............


You could see Asterion, 5 naga warriors, a nagaraja, 2 naga sharpshooters, a
blizzard demon, 2 salamanders, a naga ritualist, a shock serpent, a guardian
serpent, 3 naga magi and 5 nagas.

Vanquished Creatures
  Bai Suzhen (Elf:3)
  Nikola (Elf:2)
  A Cloud Mage (WizLab)
  3 deep elf blademasters
  A deep elf master archer (Elf:3)
  Kirke (Lair:3)
  The ghost of KamiKatze the Markscentaur, an adept CeHu of Okawaru (Snake:1)
  2 nagarajas (Snake:3)
  A frost giant (IceCv)
  An orc warlord (Orc:1)
  Louise (Snake:1)
  Aizul (Snake:2)
  4 deep elf sorcerers
  7 deep elf elementalists (Elf:3)
  Azrael (D:15)
  4 deep elf demonologists
  7 deep elf annihilators
  6 dire elephants (Lair:6)
  A minotaur (Gauntlet)
  The ghost of spacerossing the Severer, a journeyman NaFi of Cheibriados (Orc:2)
  3 spark wasps (WizLab)
  3 blizzard demons (WizLab)
  A deep elf high priest (Elf:3)
  7 deep elf death magi
  6 hydras
  5 spriggan air magi (WizLab)
  3 naga warriors
  2 ogre magi (D:15)
  A death knight (D:13)
  2 ghost crabs (WizLab)
  12 two-headed ogres
  7 anacondas
  25 dancing weapons
  6 centaur warriors
  A catoblepas (Lair:4)
  A death yak (IceCv)
  2 tengu warriors
  An orc high priest (Orc:2)
  16 deep elf knights
  6 shock serpents
  Nergalle (Lair:1)
  6 naga sharpshooters
  A salamander mystic (Snake:3)
  3 skeletal warriors (D:14)
  2 unseen horrors
  A small abomination (Elf:1)
  12 sea snakes (Snake:3)
  4 death drakes
  A wizard (D:15)
  15 deep elf archers
  A lindwurm (Lair:6)
  An orc knight (D:9)
  Pikel (D:9)
  4 naga ritualists
  5 necromancers (Elf:1)
  7 mana vipers
  8 orc sorcerers
  48 deep elf magi
  17 ugly things
  2 cyclopes (D:15)
  31 black mambas
  5 salamanders
  16 elephants
  A moth of wrath (Orc:2)
  2 manticores
  5 apocalypse crabs (WizLab)
  2 naga magi
  A torpor snail (Lair:4)
  18 spiny frogs
  A gargoyle (D:10)
  2 rime drakes
  4 centaur skeletons
  2 ice devils (Lair:1)
  5 komodo dragons
  A troll (shapeshifter) (D:14)
  4 trolls
  2 tengu conjurers
  15 polar bears
  3 meliai (D:13)
  A queen bee (D:13)
  A hornet (D:11)
  A wolf spider simulacrum (D:14)
  2 meliai zombies
  11 slime creatures
  A wind drake (WizLab)
  10 hippogriffs
  A spectral meliai (Gauntlet)
  21 dream sheep
  3 blink frogs (Lair:6)
  A shadow (D:11)
  11 air elementals
  A wraith (D:14)
  3 flying skulls (Gauntlet)
  A vampire (D:12)
  3 water elementals
  A yak (shapeshifter) (D:14)
  3 wyverns
  8 fire elementals
  82 yaks
  4 basilisks
  A steam dragon (D:10)
  6 hogs
  2 hungry ghosts
  8 wargs
  12 nagas
  4 acid dragons
  2 hell hounds (D:15)
  A large abomination (Elf:1)
  11 water moccasins
  14 porcupines
  20 orc warriors
  2 sky beasts (D:11)
  A hornet zombie (Gauntlet)
  4 ice beasts
  A slave (D:9)
  2 black bears
  An eye of draining (D:13)
  4 necrophages
  17 wolves
  An ogre (shapeshifter) (D:14)
  12 ogres
  10 centaurs
  17 crocodiles
  21 bullfrogs
  5 big kobolds
  4 earth elementals
  3 elf zombies (Elf:1)
  A wyvern zombie (D:13)
  A wyvern skeleton (D:14)
  6 scorpions
  28 killer bees
  19 wights
  4 howler monkeys (D:11)
  5 electric eels
  A bullfrog zombie (D:12)
  6 crimson imps
  A quasit (D:11)
  6 hounds
  4 centaur zombies
  21 orc priests
  2 bullfrog skeletons
  2 jellies
  Natasha (thrice) (D:2)
  5 iguanas
  31 orc wizards
  8 worker ants
  A killer bee zombie (D:8)
  3 hound zombies
  2 hound skeletons
  3 gnolls
  10 adders
  A howler monkey skeleton (D:8)
  A shadow imp (D:7)
  2 adder skeletons
  3 worms
  6 leopard geckos
  58 orcs
  10 bats
  9 giant cockroaches
  10 goblins
  6 hobgoblins
  10 jackals
  14 kobolds
  4 quokkas
  A ball python (D:3)
  2 frilled lizards
  2 leopard gecko skeletons (D:5)
  A quokka skeleton (D:4)
  A quokka zombie (D:4)
  9 rats
  A bush (D:4)
  A fungus (Lair:5)
  3 plants
1100 creatures vanquished.

Vanquished Creatures (collateral kills)
  A blizzard demon (WizLab)
  2 dancing weapons (Elf:2)
  2 deep elf knights
  A deep elf archer (Elf:1)
  5 deep elf magi (Elf:1)
  A komodo dragon (Lair:3)
12 creatures vanquished.

Vanquished Creatures (others)
  A centaur warrior (D:15)
  An apocalypse crab (WizLab)
  A slave (D:9)
  3 wolves (IceCv)
  An orc (Orc:2)
  A butterfly (D:9)
  13 fungi
  10 plants
  2 withered plants (Gauntlet)
33 creatures vanquished.

Grand Total: 1145 creatures vanquished

Notes
Turn   | Place    | Note
-------+----------+-------------------------------------------
     0 | D:1      | HuneSparrow the Minotaur Fighter began the quest for the
                  | Orb.
     0 | D:1      | Reached XP level 1. HP: 19/19 MP: 0/0
   170 | D:1      | Reached XP level 2. HP: 27/27 MP: 1/1
   822 | D:2      | Reached skill level 4 in Shields
   928 | D:2      | Reached XP level 3. HP: 33/33 MP: 2/2
  1030 | D:2      | Noticed Natasha
  1047 | D:2      | Killed Natasha
  1047 | D:2      | Reached XP level 4. HP: 39/41 MP: 3/3
  1447 | D:2      | Noticed Natasha
  1453 | D:2      | Killed Natasha
  1453 | D:2      | Reached skill level 5 in Fighting
  1589 | D:2      | Noticed Natasha
  1596 | D:2      | Killed Natasha
  1702 | D:3      | Reached XP level 5. HP: 41/48 MP: 4/4
  1863 | D:3      | Found a white marble altar of Elyvilon.
  2597 | D:4      | Reached skill level 5 in Shields
  2622 | D:4      | Found Xydil's Gadget Emporium.
  2729 | D:4      | Found Keuxas's Antique Weapon Shoppe.
  2804 | D:4      | Noticed an ogre
  2811 | D:4      | Killed an ogre
  2811 | D:4      | Reached skill level 5 in Armour
  2811 | D:4      | Reached XP level 6. HP: 56/56 MP: 5/5
  2814 | D:4      | Found Affeg's Food Shop.
  2993 | D:4      | Found Jun Wepa's Gadget Shop.
  3054 | D:4      | Found a sparkling altar of Nemelex Xobeh.
  3238 | D:5      | Entered Level 5 of the Dungeon
  3245 | D:5      | Reached skill level 5 in Long Blades
  3274 | D:5      | Noticed Prince Ribbit
  3524 | D:5      | Found Doec's Magic Scroll Shop.
  3531 | D:5      | Bought a scroll of remove curse for 42 gold pieces
  3588 | D:5      | Found a shadowy altar of Dithmenos.
  3605 | D:5      | Reached XP level 7. HP: 61/61 MP: 6/6
  3908 | D:5      | Found a sacrificial altar of Ru.
  3992 | D:6      | Reached skill level 6 in Shields
  4150 | D:6      | Found a staircase to the Ecumenical Temple.
  4159 | Temple   | Entered the Ecumenical Temple
  4247 | Temple   | Became a worshipper of Makhleb the Destroyer
  4321 | D:6      | Reached XP level 8. HP: 67/70 MP: 7/7
  4867 | D:7      | Reached skill level 1 in Dodging
  4903 | D:7      | Found Ziskauth's Jewellery Shop.
  5343 | D:7      | Reached skill level 7 in Shields
  5725 | D:8      | Reached * piety under Makhleb
  5782 | D:8      | Reached XP level 9. HP: 78/78 MP: 8/8
  6120 | D:8      | Found a glowing silver altar of Zin.
  6360 | D:9      | Found a shimmering altar of Xom.
  6384 | D:9      | Found Jerank's Antique Weapon Emporium.
  6388 | D:9      | Noticed a two-headed ogre
  6389 | D:9      | Found Keugi's Magic Scroll Shop.
  6634 | D:9      | Found Ziggo's Magic Scroll Shop.
  6652 | D:9      | Noticed a +0 dagger
  6652 | D:9      | Noticed a +0 hand axe
  6655 | D:9      | Found a hide-covered altar of Uskayaw.
  6676 | D:9      | Found a staircase to the Lair.
  6691 | D:9      | Reached skill level 8 in Shields
  6694 | D:9      | Found a staircase to the Orcish Mines.
  6709 | D:9      | Noticed Pikel
  6726 | D:9      | Killed Pikel
  6726 | D:9      | Reached skill level 10 in Long Blades
  6937 | D:9      | Reached XP level 10. HP: 88/88 MP: 9/9
  6949 | D:9      | Reached ** piety under Makhleb
  6949 | D:9      | Reached skill level 9 in Shields
  6979 | D:9      | Noticed a three-headed hydra
  7037 | D:9      | Killed a two-headed ogre
  7086 | D:9      | Killed a one-headed hydra
  7191 | D:9      | Found Tejapn's Weapon Emporium.
  7459 | D:10     | Entered Level 10 of the Dungeon
  7651 | D:10     | Found Ogul's Antique Armour Shop.
  7774 | D:10     | Noticed a gargoyle
  7793 | D:10     | Killed a gargoyle
  8217 | D:10     | Reached skill level 10 in Armour
  8269 | D:10     | Reached XP level 11. HP: 97/97 MP: 10/10
  8498 | D:10     | Got an ancient steel ring
  8656 | D:11     | Noticed a two-headed ogre
  8678 | D:10     | Killed a two-headed ogre
  8678 | D:10     | Reached skill level 10 in Shields
  8774 | D:11     | Reached *** piety under Makhleb
  8960 | D:11     | Found Lapnidie's Book Shoppe.
  9095 | D:11     | Reached skill level 10 in Fighting
  9452 | D:12     | Noticed a deep elf mage
  9462 | D:12     | Killed a deep elf mage
  9661 | D:12     | Identified the ring of Piseojid {Wiz -Tele +Inv rPois
                  | Str+6} (You found it on level 10 of the Dungeon)
  9739 | D:12     | Reached skill level 11 in Shields
  9740 | D:12     | Reached **** piety under Makhleb
  9983 | D:12     | Found Mefuseil's Food Emporium.
 10304 | Lair:1   | Entered Level 1 of the Lair of Beasts
 10376 | Lair:1   | Reached XP level 12. HP: 98/108 MP: 11/11
 10408 | Lair:1   | Found a frozen archway.
 10466 | IceCv    | Entered an ice cave
 10793 | IceCv    | Reached ***** piety under Makhleb
 10874 | IceCv    | Reached skill level 15 in Long Blades
 10934 | IceCv    | Noticed a death yak
 10956 | IceCv    | Killed a death yak
 11041 | IceCv    | Noticed a frost giant
 11076 | IceCv    | Killed a frost giant
 11076 | IceCv    | Reached skill level 12 in Shields
 11356 | IceCv    | Identified the Catalogue of Cloudy Ice
 11572 | Lair:1   | Noticed an eight-headed hydra
 11603 | Lair:1   | Killed a five-headed hydra
 11629 | Lair:1   | Reached XP level 13. HP: 92/119 MP: 12/12
 11868 | Lair:1   | Noticed Nergalle
 11878 | Lair:1   | Killed Nergalle
 12009 | Lair:1   | Reached skill level 13 in Shields
 12717 | Lair:2   | Found a staircase to the Shoals.
 13180 | Lair:2   | Reached ****** piety under Makhleb
 13576 | Lair:3   | Found a staircase to the Snake Pit.
 14122 | Lair:4   | Noticed Rupert
 14609 | Lair:4   | Noticed Kirke
 14668 | Lair:3   | Killed Kirke
 14689 | Lair:3   | Reached skill level 14 in Shields
 14730 | Lair:4   | Got a pair of faintly humming gloves
 14743 | Lair:4   | Identified the cursed +0 pair of gloves of the Dwarven Hall
                  | {Dex+5} (You found it on level 4 of the Lair of Beasts)
 15296 | Lair:5   | Found a viscous altar of Jiyva.
 15296 | Lair:5   | Found a staircase to the Slime Pits.
 15356 | Lair:4   | Reached XP level 14. HP: 116/130 MP: 13/13
 16184 | Lair:5   | Gained mutation: You possess an exceptional clarity of
                  | mind. [potion of mutation]
 16184 | Lair:5   | Gained mutation: Scrolls take you a little longer to read.
                  | [potion of mutation]
 16184 | Lair:5   | Gained mutation: You have an increased reservoir of magic.
                  | (+10% MP) [potion of mutation]
 16202 | Lair:6   | Entered Level 6 of the Lair of Beasts
 16519 | Lair:6   | Reached skill level 15 in Shields
 18413 | Lair:6   | Got a twitching bronze ring
 18415 | Lair:6   | Got a heavily runed bone ring
 18420 | Lair:6   | Identified the ring of Jeubuv {rN+ Int+3} (You found it on
                  | level 6 of the Lair of Beasts)
 18422 | Lair:6   | Identified the ring "Kemmezeb" {rF+ rN+ Int+2} (You found
                  | it on level 6 of the Lair of Beasts)
 18940 | D:13     | Found a gate leading to a gauntlet.
 18958 | Gauntlet | Entered a Gauntlet
 18958 | Gauntlet | Found a transporter.
 18958 | Gauntlet | Found a transporter.
 18958 | Gauntlet | Found a transporter.
 18959 | Gauntlet | Found a transporter.
 18960 | Gauntlet | Found a transporter.
 18964 | Gauntlet | Found a transporter.
 18979 | Gauntlet | Found a transporter.
 18980 | Gauntlet | Found a transporter.
 18981 | Gauntlet | Found a transporter.
 18983 | Gauntlet | Found a transporter.
 18991 | Gauntlet | Found a transporter.
 18991 | Gauntlet | Found a transporter.
 19216 | Gauntlet | Reached skill level 1 in Invocations
 19314 | Gauntlet | Got a slimy amethyst amulet
 19321 | Gauntlet | Identified the amulet "Ducziq" {Faith rN+ Int-4 Dex+4} (You
                  | found it in a Gauntlet)
 19335 | Gauntlet | Identified the ring "Ovaebeih" {+Fly rPois rF+ MP+9 Str-2}
 19377 | Gauntlet | Found the +2 hat of the Bear Spirit {Spirit, +Rage rN+
                  | MR++}
 19550 | D:13     | Reached XP level 15. HP: 110/139 MP: 12/16
 19806 | D:13     | Reached skill level 16 in Shields
 20237 | D:13     | Reached skill level 15 in Fighting
 20492 | D:14     | Found a gate to the Vaults.
 21360 | D:14     | Reached skill level 15 in Armour
 21631 | D:15     | Entered Level 15 of the Dungeon
 21977 | D:15     | Noticed Azrael
 22005 | D:15     | Killed Azrael
 22072 | D:15     | Reached skill level 5 in Invocations
 22083 | D:15     | Got a coiled turquoise ring
 22085 | D:15     | Identified the ring "Kucw" {EV+5 Int+3} (You found it on
                  | level 15 of the Dungeon)
 22295 | D:15     | Got a scorched shield
 22301 | D:15     | Identified the +9 shield of the Equinox {rF+ Slay+3} (You
                  | found it on level 15 of the Dungeon)
 22324 | D:15     | Reached skill level 17 in Shields
 22336 | D:15     | Found a staircase to the Depths.
 22354 | D:15     | Reached XP level 16. HP: 141/151 MP: 16/21
 22517 | Orc:1    | Entered Level 1 of the Orcish Mines
 22713 | Orc:2    | Entered Level 2 of the Orcish Mines
 23276 | Orc:2    | Found Uxzimi's Jewellery Shop.
 23282 | Orc:2    | Found Foada's Armour Shoppe.
 23329 | Orc:2    | Noticed spacerossing's ghost (journeyman NaFi)
 23336 | Orc:2    | Found a transporter.
 23502 | Orc:2    | Found a transporter.
 23577 | Orc:2    | Found Ujiqifid's Book Emporium.
 23577 | Orc:2    | Found Naucsais's Distillery.
 23577 | Orc:2    | Found Buraaq's General Store.
 23580 | Orc:2    | Found Yjeidyl's Magic Scroll Emporium.
 23640 | Orc:2    | Bought a potion of might for 48 gold pieces
 23640 | Orc:2    | Bought a potion of might for 48 gold pieces
 23678 | Orc:2    | Killed spacerossing's ghost
 23688 | Orc:2    | Got a pair of shimmering gloves
 23699 | Orc:2    | Identified the +0 pair of gloves "Leusuz" {+Fly Regen+
                  | Str+4} (You found it on level 2 of the Orcish Mines)
 23817 | Orc:2    | Found a staircase to the Elven Halls.
 24591 | Elf:1    | Entered Level 1 of the Elven Halls
 24621 | Elf:1    | Found Ozoid's Weapon Shop.
 24749 | Elf:1    | Found a magical portal.
 24758 | WizLab   | Entered The Chambers of the Cloud Mage
 24779 | WizLab   | Reached skill level 18 in Shields
 25827 | WizLab   | Noticed Welead
 25850 | WizLab   | Killed Welead the Cloud Mage
 26028 | WizLab   | Identified the Compendium of the Unseen Realm
 26031 | WizLab   | Got a steaming glass ring
 26057 | WizLab   | Identified the ring of Simmeige {+Fly rPois MR+ Dex+4} (You
                  | found it in a wizard's laboratory)
 26065 | WizLab   | Reached XP level 17. HP: 153/153 MP: 22/24
 26375 | Elf:1    | Reached skill level 5 in Dodging
 26493 | Elf:1    | Got a wavering lead ring
 26905 | Elf:1    | Reached skill level 19 in Shields
 26935 | Elf:1    | Identified Reamaul's Guide on Necromancy
 27127 | Elf:1    | Identified the ring of Equilibrium {rF+ rN+ Dex+3} (You
                  | found it on level 1 of the Elven Halls)
 27241 | Elf:2    | Found an ancient bone altar of Kikubaaqudgha.
 27272 | Elf:3    | Entered Level 3 of the Elven Halls
 27396 | Elf:3    | Reached XP level 18. HP: 161/162 MP: 24/26
 27609 | Elf:3    | Noticed Bai Suzhen
 27619 | Elf:3    | Killed Bai Suzhen
 28101 | Elf:3    | Reached skill level 20 in Shields
 28101 | Elf:3    | Reached skill level 10 in Invocations
 28171 | Elf:3    | Noticed a Tzitzimitl
 28300 | Elf:3    | Identified the ring of Syndicalism {Wiz +Blink rPois}
 28300 | Elf:3    | Identified the +3 leather armour of the Snake Pit {Int+4}
 28300 | Elf:3    | Identified the ring of Zamur {rN+ MR+}
 28562 | Elf:3    | Identified the ring "Qoplu" {rN+ Stlth+}
 29440 | Elf:2    | Found Yvveq's Distillery.
 29455 | Elf:2    | Bought a potion of heal wounds for 55 gold pieces
 29455 | Elf:2    | Bought a potion of heal wounds for 55 gold pieces
 29455 | Elf:2    | Bought a potion of mutation for 88 gold pieces
 29530 | Elf:2    | Found Lyamot's Jewellery Shoppe.
 29531 | Elf:2    | Found Losakh's Gadget Shop.
 29531 | Elf:2    | Found Ahuolam's Gadget Shop.
 29637 | Elf:2    | Noticed Nikola
 29664 | Elf:2    | Killed Nikola
 29664 | Elf:2    | Reached XP level 19. HP: 97/172 MP: 18/28
 29919 | Elf:2    | Found a huge runed translucent gate.
 29919 | Elf:2    | Found a huge runed translucent gate.
 29919 | Elf:2    | Found a huge runed translucent gate.
 29919 | Elf:2    | Found a huge runed translucent gate.
 29919 | Elf:2    | Found a huge runed translucent gate.
 29947 | Elf:2    | Reached skill level 21 in Shields
 30766 | Snake:1  | Entered Level 1 of the Snake Pit
 30767 | Snake:1  | Noticed Louise
 30789 | Snake:1  | Killed Louise
 30871 | Snake:1  | Found Igast's Food Emporium.
 31186 | Snake:1  | Found a runed translucent door.
 31206 | Snake:1  | Noticed KamiKatze's ghost (adept CeHu)
 31228 | Snake:1  | Killed KamiKatze's ghost
 31769 | Snake:2  | Noticed Aizul
 31790 | Snake:2  | Killed Aizul
 32218 | Snake:3  | Reached skill level 22 in Shields
 32274 | Snake:3  | Found the cursed +14 obsidian axe {chop, +Fly SInv *Curse}
 33266 | Snake:4  | Entered Level 4 of the Snake Pit
 33406 | Snake:4  | Noticed Asterion
 33425 | Snake:4  | HP: 5/174 [naga sharpshooter/bolt (8)]
 33425 | Snake:4  | Slain by a naga mage

Skill      XL: |  1  2  3  4  5  6  7  8  9 10 11 12 13 14 15 16 17 18 19 |
---------------+----------------------------------------------------------+-----
Armour         | 4 5 6 7 8 10 12 13 14 15 16 | 16.9
Shields        | 4 5 6 7 8 9 11 12 14 15 17 18 19 20 22 | 22.4
Fighting       | 4 5 6 7 9 10 12 13 14 15 16 17 18 | 18.3
Long Blades    | 3 4 5 7 8 10 12 14 15 16 17 | 17.6
Dodging        | 1 2 3 4 5 |  5.8
Invocations    | 1 5 8 9 10 12 | 12.0
Evocations     | |  0.1

Action                   |  1- 3 |  4- 6 |  7- 9 | 10-12 | 13-15 | 16-18 | 19-21 || total
-------------------------+-------+-------+-------+-------+-------+-------+-------++-------
Melee: Long sword        |    21 |   172 |   306 |   130 |       |       |       ||   629
       Headbutt          |     5 |    56 |    73 |   174 |   460 |   312 |   145 ||  1225
       Falchion          |       |       |       |    17 |   155 |       |       ||   172
       Scimitar          |       |       |       |   483 |  1190 |   995 |   514 ||  3182
Invok: Lesser Servant of |       |       |       |       |     2 |       |       ||     2
       Major Destruction |       |       |       |       |     1 |       |       ||     1
       Greater Servant o |       |       |       |       |       |     5 |     2 ||     7
 Abil: Evoke Flight      |       |       |       |     2 |       |       |       ||     2
       Evoke Invisibilit |       |       |       |     1 |     1 |       |       ||     2
       Stop Flying       |       |       |       |     1 |       |       |       ||     1
       Evoke Berserk Rag |       |       |       |       |       |     2 |     1 ||     3
Evoke: Wand              |       |       |       |     8 |     3 |       |       ||    11
       Phial of floods   |       |       |       |       |     3 |     1 |       ||     4
  Use: Scroll            |       |     4 |     1 |     4 |    15 |     8 |     3 ||    35
       Potion            |       |       |     1 |     4 |     7 |     7 |       ||    19
 Stab: Paralysed         |       |       |       |     2 |       |       |       ||     2
       Distracted        |       |       |       |     1 |       |       |       ||     1
       Invisible         |       |       |       |       |     1 |       |       ||     1
       Petrifying        |       |       |       |       |       |     1 |       ||     1
  Eat: Chunk             |       |     8 |    12 |    18 |    30 |    25 |     8 ||   101
       Ration            |       |       |       |       |     2 |       |     2 ||     4
Armor: Scale mail        |     2 |       |       |       |       |       |       ||     2
       Plate armour      |    14 |    76 |   185 |   177 |   493 |   210 |   107 ||  1262
Dodge: Dodged            |    45 |   102 |   127 |   138 |   446 |   225 |   108 ||  1191
       Deflected         |       |       |       |       |    20 |    21 |    14 ||    55
Block: Shield            |    35 |    98 |   201 |   288 |   892 |   973 |   652 ||  3139
       Rpst.: Long sword |    12 |    30 |    29 |     2 |       |       |       ||    73
       Scimitar          |       |       |       |    23 |    97 |    47 |    26 ||   193
       Falchion          |       |       |       |       |    11 |       |       ||    11
